 Dungeon Crawl Stone Soup version 0.30.0-19-g36f170ea60 (webtiles) character file.

Game seed: 16375889236049876781

589 Dadbod the Digger (level 7, 0/46 (48) HPs)
             Began as a Formicid Earth Elementalist on June 2, 2023.
             Slain by a wight
             ... wielding a +3 flail
              (13 damage)
             ... on level 4 of the Dungeon.
             The game lasted 00:17:56 (3960 turns).

Dadbod the Digger (Formicid Earth Elementalist)     Turns: 3960, Time: 00:17:56

HP:   0/46 (48)     AC:  6    Str: 15    XL:     7   Next: 65%
MP:   6/13          EV: 11    Int: 14    God:
Gold: 224           SH:  0    Dex: 14    Spells: 15/16 levels left

rFire   . . .        m - +1 whip (venom)
rCold   . . .        (no shield)
rNeg    . . .        t - +0 ring mail
rPois   .            (helmet unavailable)
rElec   .            (no cloak)
rCorr   .            l - +0 pair of gloves
SInv    +            (no boots)
Will    .....        (no amulet)
Stlth   ++           (no ring)
HPRegen 0.27/turn    (no ring)
MPRegen 0.13/turn

%: no passive effects
@: studying Dodging, lightly drained
A: permanent stasis, dig shafts and tunnels, antennae 3, four strong arms, low
MP 1, passive freeze
a: Dig, Shaft Self


You were on level 4 of the Dungeon.
You visited 1 branch of the dungeon, and saw 4 of its levels.

You collected 224 gold pieces.

Inventory:

Hand Weapons
 f - a +0 war axe
 m - a +1 whip of venom (weapon)
Missiles
 i - a curare-tipped dart
Armour
 a - a +0 robe
 l - a +0 pair of gloves (worn)
 q - a +0 leather armour
 r - a +0 pair of gloves
 t - a +0 ring mail (worn)
Jewellery
 c - a ring of willpower
Wands
 n - a wand of quicksilver (2)
Scrolls
 d - a scroll of acquirement {unknown}
 h - 2 scrolls of immolation
 j - 2 scrolls of fog {unknown}
 k - 2 scrolls of teleportation
 o - 3 scrolls of identify
Potions
 b - 2 potions of magic
 e - 2 potions of attraction
 g - 2 potions of haste
 p - 2 potions of heal wounds


   Skills:
 * Level 1.1 Fighting
 * Level 1.0 Maces & Flails
 * Level 1.8 Armour
 * Level 2.5 Dodging
 * Level 3.3 Stealth
 + Level 5.1 Spellcasting
 + Level 1.1 Transmutations
 + Level 6.9 Earth Magic


You had 15 spell levels left.
You knew the following spells:

 Your Spells              Type           Power      Damage    Failure   Level
a - Sandblast             Erth           44%        2d11      1%          1

Your spell library contained the following spells:

 Spells                   Type           Power      Damage    Failure   Level
 Passwall                 Tmut/Erth      11%        N/A       10%         2
 Stone Arrow              Conj/Erth      26%        3d8       24%         3
 Sting                    Tmut/Pois      20%        1d4       26%         1
 Poisonous Vapours        Pois/Air       6%         N/A       45%         2
 Static Discharge         Conj/Air       6%         2-3/arc   45%         2
 Petrify                  Tmut/Erth      14%        N/A       54%         4
 Airstrike                Air            1%         2d(1-17)  97%         4
 Olgreb's Toxic Radiance  Pois           3%         N/A       97%         4
 Summon Lightning Spire   Summ/Air       3%         N/A       97%         4


Dungeon Overview and Level Annotations

Branches:
Dungeon (4/15)
 Temple: D:4-7

Altars:
Ashenzari

Annotations:
D:2 1 runed translucent door, Crazy Yiuf
D:4 3 runed translucent doors, Kazon's ghost, amateur TrGl


Innate Abilities, Weirdness & Mutations

You cannot be hasted, slowed, berserked, paralysed or teleported.
You can dig through walls and to a lower floor.
You have a pair of large antennae on your head. (SInv)
Your four strong arms can wield two-handed weapons with a shield.
Your magical capacity is low. (-10% MP)
A frigid envelope surrounds you and freezes all who hurt you.


Message History

Confirm with . or Enter, or press ? or * to list all spells.
Aiming: Sandblast (safe; 1% risk of failure)
Press: ? - help, Shift-Dir - straight line, f - wight
Aim: a wight, wielding a +3 flail and wearing a +0 robe (dormant, 100% to hit)
The blast of sand hits the wight but does no damage.
The wight attacks as you move away! The wight hits you with a +3 flail!
The wight resists.
The wight is very cold.
The wight is lightly damaged.
There is an open door here.
The wight attacks as you move away! The wight hits you with a +3 flail!
Casting: Sandblast (safe; 1% risk of failure)
Confirm with . or Enter, or press ? or * to list all spells.
Aiming: Sandblast (safe; 1% risk of failure)
Press: ? - help, Shift-Dir - straight line, f/p - wight
Aim: a wight, wielding a +3 flail and wearing a +0 robe (83% to hit)
The blast of sand hits the wight but does no damage.
The wight hits you with a +3 flail!
The wight resists.
The wight is very cold.
The wight is lightly damaged.
The wight closely misses you.
Casting: Sandblast (safe; 1% risk of failure)
Confirm with . or Enter, or press ? or * to list all spells.
Aiming: Sandblast (safe; 1% risk of failure)
Press: ? - help, Shift-Dir - straight line, f/p - wight
Aim: a wight, wielding a +3 flail and wearing a +0 robe (lightly damaged, 83% to hit)
The blast of sand hits the wight!
The wight is heavily damaged.
The wight closely misses you.
Casting: Sandblast (safe; 1% risk of failure)
Confirm with . or Enter, or press ? or * to list all spells.
Aiming: Sandblast (safe; 1% risk of failure)
Press: ? - help, Shift-Dir - straight line, f/p - wight
Aim: a wight, wielding a +3 flail and wearing a +0 robe (heavily damaged, 83% to hit)
The blast of sand hits the wight.
The wight is severely damaged.
The wight hits you with a +3 flail!
You feel drained.
* * * LOW HITPOINT WARNING * * *
The wight resists.
The wight is very cold.
The wight is severely damaged.
The wight hits you with a +3 flail!
You die...

## <# .# ##### .# { { {
#Z#.# .#
'#+#'#'#'######### .#
..........z@.....#######
.#
'#'#'#'#'###.###........
###{ { {#.#.##8.#
#........
#.###############.#
#..#####.
.........).......>#
#..#K)[#.
#..#######......#.#
#..#...#. #..#
#.........#.###..#.((#.
#..#
#......####......#####.
#..####......#
#............


You could see a wight.

Vanquished Creatures
  Sigmund (D:3)
  2 kobold brigands (D:4)
  A wight (D:4)
  2 orc priests (D:4)
  2 mummies (D:4)
  An adder (D:4)
  4 gnolls (D:2)
  A worm (D:4)
  3 dart slugs
  7 orcs
  2 ball pythons
  2 bats
  6 endoplasms
  4 giant cockroaches
  5 goblins
  5 hobgoblins
  4 jackals (D:3)
  24 kobolds
  2 quokkas
  2 frilled lizards
  4 rats
84 creatures vanquished.

Vanquished Creatures (collateral kills)
  An endoplasm (D:4)
  A giant cockroach (D:4)
2 creatures vanquished.

Grand Total: 86 creatures vanquished

Notes
Turn   | Place    | Note
-------+----------+-------------------------------------------
     0 | D:1      | Dadbod the Formicid Earth Elementalist began the quest for
                  | the Orb.
     0 | D:1      | Reached XP level 1. HP: 13/13 MP: 3/3
   140 | D:1      | Reached skill level 4 in Earth Magic
   145 | D:1      | Reached XP level 2. HP: 19/19 MP: 0/5
   609 | D:1      | Reached XP level 3. HP: 24/24 MP: 1/6
   711 | D:1      | You fall into a shaft and drop 1 floor!
  1021 | D:2      | Reached XP level 4. HP: 30/30 MP: 3/8
  1024 | D:2      | Reached skill level 5 in Earth Magic
  1186 | D:2      | Found a runed translucent door.
  1187 | D:2      | Noticed Crazy Yiuf
  2386 | D:3      | Noticed Sigmund
  2401 | D:3      | Killed Sigmund
  2402 | D:3      | Reached skill level 1 in Armour
  2402 | D:3      | Reached skill level 6 in Earth Magic
  2402 | D:3      | Reached XP level 5. HP: 30/36 MP: 3/11
  2402 | D:3      | Reached XP level 6. HP: 35/42 MP: 3/12
  2652 | D:3      | Found a broken altar of Ashenzari.
  3133 | D:4      | Gained mutation: A frigid envelope surrounds you and
                  | freezes all who hurt you. [potion of mutation]
  3133 | D:4      | Gained mutation: Your magical capacity is low. (-10% MP)
                  | [potion of mutation]
  3165 | D:4      | Reached XP level 7. HP: 47/47 MP: 6/12
  3271 | D:4      | Found a runed translucent gate.
  3271 | D:4      | Found a runed translucent gate.
  3273 | D:4      | Found a runed translucent gate.
  3298 | D:4      | Noticed Kazon's ghost (amateur TrGl)
  3498 | D:4      | Reached skill level 5 in Spellcasting
  3875 | D:4      | Reached skill level 1 in Fighting
  3875 | D:4      | Reached skill level 1 in Maces & Flails
  3960 | D:4      | Slain by a wight

Illustrated notes

Levels and vault maps discovered:
D:1:      lightli_arrival_flooded_house, layout_loops_cross
D:2:      layout_loops_corners, uniq_crazy_yiuf_cottage
D:3:      layout_basic, ashenzari_altar_1, uniq_sigmund
D:4:      kennysheep_kobold_camp, layout_basic,
          lemuel_mausoleum_altar_kikubaaqudgha, gammafunk_ghost_split,
          due_unseen_surprise

Skill      XL: |  1  2  3  4  5  6  7 |
---------------+----------------------+-----
Earth Magic    | 4 6 |  6.9
Spellcasting   | 3 4 5 |  5.1
Armour         | 1 |  1.8
Dodging        | 2 |  2.5
Stealth        | 3 |  3.3
Fighting       | 1 |  1.1
Maces & Flails | 1 |  1.0
Transmutations | |  1.1

Action                     |  1- 3 |  4- 6 |  7- 9 || total
---------------------------+-------+-------+-------++-------
  Melee: Whip              |       |     4 |    24 ||    28
   Cast: Sandblast         |    36 |    63 |    48 ||   147
    Use: Scroll            |       |    11 |       ||    11
         Potion            |       |     4 |       ||     4
 Armour: Robe              |     2 |       |       ||     2
         Ring mail         |       |    17 |     5 ||    22
  Dodge: Dodged            |     2 |    20 |    29 ||    51
